 Dungeon Crawl Stone Soup version 0.30-a0-223-gcb0039aa0c (webtiles) character file.

Game seed: 5810256565358354259

92595 qw the Severer (level 16, -8/101 HPs)
             Began as a Gargoyle Fighter on Oct 9, 2022.
             Was an Elder of Okawaru.
             Killed by divine providence
             ... invoked by an orc priest
              (10 damage)
             ... on level 2 of the Orcish Mines.
             The game lasted 00:10:15 (26180 turns).

qw the Severer (Gargoyle Fighter)                  Turns: 26180, Time: 00:10:16

Health: -8/101     AC: 55    Str: 32    XL:     16   Next: 6%
Magic:  22/23      EV:  9    Int:  9    God:    Okawaru [****..]
Gold:   1812       SH: 14    Dex: 11    Spells: 15/15 levels left

rFire   . . .      SeeInvis +    Y - +1 broad axe
rCold   + . .      Faith    .    z - +0 kite shield of Lifusooto {Will- Slay+4}
rNeg    + . .      Spirit   .    e - +9 crystal plate armour of Unambiguity {Str+4}
rPois   inf        Reflect  .    l - +2 helmet
rElec   +          Harm     .    c - +0 cloak {Will+}
rCorr   .          Rampage  .    k - +2 pair of gloves
Will    +....                    (no boots)
Stlth   ..........               a - amulet of the acrobat
HPRegen 0.36/turn                f - ring of see invisible
MPRegen 0.18/turn                p - ring of protection from cold

@: about to teleport, heroic, flying
A: sickness immunity, AC +12, big wings, negative energy resistance 1,
electricity resistance, torment resistance 1, petrification resistance, thin
skeletal structure 1
a: Renounce Religion, Heroism, Finesse


You were on level 2 of the Orcish Mines.
You worshipped Okawaru.
Okawaru was greatly pleased with you.
You visited 4 branches of the dungeon, and saw 23 of its levels.

You collected 2059 gold pieces.
You spent 247 gold pieces at shops.


Innate Abilities, Weirdness & Mutations

You are immune to sickness and miasma.
Your stone body is resilient. (AC +12)
You are immune to poison.
Your large and strong wings let you fly.
You resist negative energy. (rN+)
You are resistant to electric shocks. (rElec)
You are resistant to unholy torment.
You are immune to petrification.
You have a somewhat thin skeletal structure. (Dex +2, Stealth+)


   Skills:
 - Level 12.0(17.0) Fighting
 - Level 16.0(21.0) Axes
 - Level 5.0(10.0) Throwing
 + Level 13.1(18.1) Armour
 - Level 4.0(9.0) Dodging
 - Level 13.0(18.0) Shields
 - Level 10.0 Invocations


You had 15 spell levels left.
You didn't know any spells.
Your spell library was empty.

Inventory:

Hand Weapons
 t - a +0 morningstar
 Y - a +1 broad axe (weapon)
Missiles
 m - 9 boomerangs (quivered)
Armour
 c - a +0 cloak of willpower (worn)
 e - the +9 crystal plate armour of Unambiguity (worn) {Str+4}
   (Okawaru gifted it to you on level 15 of the Dungeon)

   Str:       It affects your strength (+4).
 k - a +2 pair of gloves (worn)
 l - a +2 helmet (worn)
 z - the +0 kite shield of Lifusooto (worn) {Will- Slay+4}
   (Okawaru gifted it to you on level 5 of the Lair of Beasts)

   Slay:      It affects your accuracy & damage with ranged weapons and melee
   (+4).
   Will:      It decreases your willpower.
Jewellery
 a - an amulet of the acrobat (around neck)
 f - a ring of see invisible (left hand)
 p - a ring of protection from cold (right hand)
 s - a ring of ice
 w - a ring of see invisible
 x - a ring of positive energy
 B - a ring of willpower
Scrolls
 h - 13 scrolls of identify
 E - a scroll of teleportation
Potions
 b - 2 potions of haste
 d - 4 potions of might
 g - 4 potions of mutation
 i - 2 potions of resistance
 j - 5 potions of lignification
 q - 2 potions of attraction
 r - 7 potions of curing
 u - 2 potions of magic

Dungeon Overview and Level Annotations

Branches:
Dungeon (15/15)            Temple (1/1) D:5            Lair (5/5) D:11
 Shoals (0/4) Lair:2       Spider (0/4) Lair:2        Slime (0/5) Lair:4
    Orc (2/2) D:12         Vaults (0/5) D:13         Depths (0/4) D:15
    Elf: Orc:2

Altars:
Ashenzari
Cheibriados
Dithmenos
Elyvilon
Fedhas
Gozag
Hepliaklqana
Kikubaaqudgha
Makhleb
Nemelex Xobeh
Okawaru
Qazlal
Ru
Sif Muna
Trog
Uskayaw
Vehumet
Wu Jian
Xom
Yredelemnul
Zin
The Shining One

Shops:
D:11 :   D:14 ?

Annotations:
D:4 1 transporter, qw's ghost, amateur GrFi
D:9 3 runed translucent doors, qw's ghost, novice GrFi
Lair:1 2 transporters
Lair:2 1 runed translucent door, qw's ghost, journeyman GrFi
Lair:5 3 runed translucent doors, qw's ghost, journeyman GrFi


Message History

You block the orc high priest's attack.
You barely miss the orc warrior.
The orc warrior is heavily wounded.
You closely miss the orc high priest.
The orc wizard mumbles some strange words.
The orc wizard flickers and vanishes for a moment.
The orc warrior barely misses you.
The orc priest miscasts a cantrip.
You block the orc high priest's attack.
You slice the orc warrior!!
You kill the orc warrior!
Okawaru accepts your kill.
You hit the orc high priest.
The orc wizard gestures at you while chanting.
The magic dart hits you but does no damage.
The orc high priest mumbles some strange prayers to Beogh against you.
Beogh smites you!
The orc priest looks encouraged for a moment.
An orc warrior comes into view. It is wielding a +0 long sword.
You slice the orc high priest!!
The orc high priest is almost dead.
The orc high priest mumbles some strange prayers to Beogh against you.
Beogh smites you!
The orc priest invokes the aid of Beogh against you.
Beogh smites you!
The orc high priest hits you but does no damage.
The orc wizard gestures wildly while chanting.
The orc wizard flickers and vanishes for a moment.
The orc throws a boomerang.
The boomerang misses the orc wizard. x2
You block the boomerang.
26180 ||| READING 2 scrolls of teleportation.
As you read the scroll of teleportation, it crumbles to dust.
You feel strangely unstable. The orc wizard barely misses you.
An orc comes into view. It is wielding a +0 short sword.
The orc priest calls upon Beogh to heal the orc warrior.
The orc warrior's wounds heal themselves!
The orc priest mumbles some strange prayers to Beogh against you.
Beogh smites you!
You die... ## # ##.## . #. ...## ..#.##...# ....o(...## 3..ooooo..## 4ooooooo...##

...o.o#@....## ...
.o...##)))...###....
..#. #.()##.##......
. # ##.)#####.....
#.))##.#.....
##))).....# .
#.).......# #..
##........#####...
##......##.#.....


You could see 2 orc high priests, a hellwing (summoned), a neqoxec (summoned), 2
orc warriors, 3 orc priests, 3 orc wizards and 3 orcs.

Vanquished Creatures
  Rupert (D:15)
  Frances (D:13)
  Gastronok (D:9)
  Agnes (D:15)
  Kirke (D:15)
  An orc warlord (Orc:2)
  Josephine (D:13)
  3 ogre magi (D:15)
  8 vault guards (D:13)
  2 hydras
  2 catoblepae (Lair:1)
  4 centaur warriors
  Erica (Lair:2)
  2 boulder beetles
  15 two-headed ogres
  An orc high priest (Orc:2)
  Urug (D:11)
  Lodul (D:10)
  Pikel (D:4)
  2 orc knights (Orc:2)
  A necromancer (D:15)
  A deep elf zephyrmancer (D:15)
  10 ugly things
  4 deep elf pyromancers
  6 orc sorcerers
  4 cyclopes
  4 manticores
  11 elephants
  An oklob plant (D:11)
  3 molten gargoyles (Lair:5)
  6 black mambas
  Maurice (Orc:1)
  8 cane toads
  3 centaur zombies (D:15)
  An ice statue (D:13)
  A torpor snail (Lair:2)
  A gargoyle (D:13)
  2 rime drakes (Lair:3)
  A centaur skeleton (D:15)
  An unseen horror (D:13)
  2 kobold demonologists
  2 efreet
  12 komodo dragons
  4 yaktaurs (D:15)
  A meliai (Lair:2)
  3 trolls
  A wind drake (shapeshifter) (D:14)
  A merfolk (Lair:2)
  28 blink frogs
  9 slime creatures
  A centaur simulacrum (D:15)
  6 wraiths
  3 humans (D:15)
  A shadow (D:10)
  3 wyverns
  3 vampires
  56 yaks
  5 steam dragons
  4 basilisks
  2 wargs (Orc:1)
  5 vampire mosquitoes
  5 hell hounds (Lair:5)
  An acid dragon (D:9)
  17 water moccasins
  A black bear (D:5)
  2 sky beasts (D:8)
  23 orc warriors
  2 ice beasts
  16 ogres
  11 wolves
  3 centaurs
  A phantom (D:5)
  A lemure (D:4)
  A kobold brigand (D:9)
  11 bullfrogs
  3 necrophages
  A gnoll sergeant (D:10)
  7 scorpions
  A wight (D:8)
  12 killer bees
  2 electric eels (Lair:2)
  2 howler monkeys
  5 lava snakes (Lair:5)
  5 hounds
  16 jellies
  17 orc priests
  8 iguanas
  13 orc wizards
  Robin (D:3)
  7 gnolls
  10 adders
  2 ufetubi (D:5)
  A worm (D:2)
  3 dart slugs
  57 orcs
  8 ball pythons
  9 bats
  7 endoplasms
  2 giant cockroaches
  21 goblins
  11 hobgoblins
  4 jackals
  18 kobolds
  3 quokkas
  2 frilled lizards
  4 rats
629 creatures vanquished.

Vanquished Creatures (others)
  34 fungi
  43 plants
77 creatures vanquished.

Grand Total: 706 creatures vanquished

Notes
Turn   | Place    | Note
-------+----------+-------------------------------------------
     0 | D:1      | qw the Gargoyle Fighter began the quest for the Orb.
     0 | D:1      | Reached XP level 1. HP: 14/14 MP: 1/1
     0 | D:1      | 0 ||| qw: Version: 0.2-a-17-g06abaee
     0 | D:1      | 0 ||| qw: Game counter: 2235
     0 | D:1      | 0 ||| qw: Always use a shield: true
     0 | D:1      | 0 ||| qw: God list: Okawaru
     0 | D:1      | 0 ||| qw: Allow faded altars: false
     0 | D:1      | 0 ||| qw: Do Orc after D:15 true
     0 | D:1      | 0 ||| qw: Do second Lair branch before Depths: true
     0 | D:1      | 0 ||| qw: Lair rune preference: random
     0 | D:1      | 0 ||| qw: Plans: Normal, Zot:1-4, God:TSO, Crypt, Tomb,
                  | Pan, Slime:5, Hells, Abyss, Orb
     0 | D:1      | 0 ||| PLANNING D:1-11
    17 | D:1      | 17 ||| Stepping ~*~*~tactically~*~*~ (stealth).
    34 | D:1      | Reached skill level 2 in Axes
    46 | D:1      | 46 ||| Stepping ~*~*~tactically~*~*~ (stealth).
    49 | D:1      | 49 ||| Stepping ~*~*~tactically~*~*~ (stealth).
    70 | D:1      | Reached XP level 2. HP: 19/19 MP: 2/2
   119 | D:1      | 119 ||| Stepping ~*~*~tactically~*~*~ (hiding).
   358 | D:1      | 358 ||| Stepping ~*~*~tactically~*~*~ (stealth).
   358 | D:1      | Found a faded altar of an unknown god.
   363 | D:1      | 363 ||| Stepping ~*~*~tactically~*~*~ (stealth).
   366 | D:1      | 366 ||| Stepping ~*~*~tactically~*~*~ (stealth).
   372 | D:1      | 372 ||| Stepping ~*~*~tactically~*~*~ (stealth).
   469 | D:1      | Reached skill level 3 in Axes
   805 | D:1      | Reached XP level 3. HP: 23/23 MP: 3/3
   870 | D:1      | 870 ||| READING scroll labelled MAGYEDDUYN.
   871 | D:1      | 871 ||| READING scroll labelled KULY FOAHEELIP.
   872 | D:1      | 872 ||| DRINKING 2 white potions.
   872 | D:1      | Gained mutation: You have a somewhat thin skeletal
                  | structure. (Dex +2, Stealth+) [potion of mutation]
   901 | D:1      | 901 ||| Stepping ~*~*~tactically~*~*~ (stealth).
   975 | D:2      | 975 ||| Stepping ~*~*~tactically~*~*~ (hiding).
  1002 | D:2      | 1002 ||| Stepping ~*~*~tactically~*~*~ (stealth).
  1003 | D:2      | 1003 ||| Stepping ~*~*~tactically~*~*~ (stealth).
  1006 | D:2      | 1006 ||| Stepping ~*~*~tactically~*~*~ (stealth).
  1231 | D:2      | Reached XP level 4. HP: 28/28 MP: 4/4
  1449 | D:2      | Reached skill level 4 in Axes
  1598 | D:2      | 1598 ||| UPGRADING to +0 pair of gloves.
  1603 | D:2      | 1603 ||| UPGRADING to +0 helmet.
  1608 | D:2      | 1608 ||| UPGRADING to amulet of the acrobat.
  1613 | D:2      | 1613 ||| UPGRADING to ring of see invisible.
  1614 | D:2      | 1614 ||| READING 3 scrolls labelled VUPPEQE HOJAAPA.
  1615 | D:2      | 1615 ||| READING scroll labelled XETOOKLYNIDE.
  1616 | D:2      | 1616 ||| DRINKING 2 yellow potions.
  1658 | D:2      | 1658 ||| READING 2 scrolls of identify.
  1658 | D:2      | 1658 ||| IDENTIFYING lumpy black potion
  1716 | D:3      | 1716 ||| Stepping ~*~*~tactically~*~*~ (stealth).
  1717 | D:3      | 1717 ||| Stepping ~*~*~tactically~*~*~ (stealth).
  1723 | D:3      | 1723 ||| FLEEEEING.
  1725 | D:3      | 1725 ||| FLEEEEING.
  1726 | D:3      | 1726 ||| FLEEEEING.
  1729 | D:3      | 1729 ||| FLEEEEING.
  1833 | D:3      | 1833 ||| Stepping ~*~*~tactically~*~*~ (stealth).
  1926 | D:3      | Reached skill level 1 in Dodging
  1927 | D:3      | Reached XP level 5. HP: 18/32 MP: 5/5
  2322 | D:3      | Identified the +5 leather armour of Sif Muna's Regard {rF++
                  | Will-}
  2337 | D:3      | Found a burning altar of Makhleb.
  2499 | D:3      | Noticed Robin
  2500 | D:3      | 2500 ||| Stepping ~*~*~tactically~*~*~ (stealth).
  2501 | D:3      | 2501 ||| Stepping ~*~*~tactically~*~*~ (stealth).
  2508 | D:3      | 2508 ||| Stepping ~*~*~tactically~*~*~ (stealth).
  2509 | D:3      | 2509 ||| Stepping ~*~*~tactically~*~*~ (stealth).
  2598 | D:3      | Killed Robin
  2599 | D:3      | Reached skill level 5 in Axes
  2658 | D:3      | 2658 ||| UPGRADING to +5 leather armour of Sif Muna's
                  | Regard {rF++ Will-}.
  2668 | D:3      | 2668 ||| READING 2 scrolls labelled JUYTOL TUESUROE.
  2669 | D:3      | 2669 ||| READING scroll of enchant armour.
  2669 | D:3      | 2669 ||| ENCHANTING +0 pair of gloves.
  2670 | D:3      | 2670 ||| READING scroll labelled QOG ZOPTOEXT.
  2671 | D:3      | 2671 ||| READING scroll labelled AKAICO GI IZUO.
  2672 | D:3      | 2672 ||| READING scroll labelled DAAX RYTOE.
  2673 | D:3      | 2673 ||| DRINKING 2 silvery potions.
  2674 | D:3      | 2674 ||| READING 2 scrolls of identify.
  2674 | D:3      | 2674 ||| IDENTIFYING purple potion
  2675 | D:3      | 2675 ||| DROPPING potion of invisibility.
  2760 | D:4      | 2760 ||| STAIRDANCE
  2773 | D:4      | Reached XP level 6. HP: 31/38 MP: 6/6
  2773 | D:4      | 2773 ||| STAIRDANCE
  2812 | D:4      | 2812 ||| Stepping ~*~*~tactically~*~*~ (stealth).
  2813 | D:4      | 2813 ||| Stepping ~*~*~tactically~*~*~ (stealth).
  2816 | D:4      | 2816 ||| Stepping ~*~*~tactically~*~*~ (stealth).
  2818 | D:4      | 2818 ||| Stepping ~*~*~tactically~*~*~ (stealth).
  2820 | D:4      | 2820 ||| Stepping ~*~*~tactically~*~*~ (stealth).
  2821 | D:4      | 2821 ||| Stepping ~*~*~tactically~*~*~ (stealth).
  2822 | D:4      | 2822 ||| Stepping ~*~*~tactically~*~*~ (stealth).
  2869 | D:4      | Noticed Pikel
  2881 | D:4      | HP: 9/38 [Pikel/+0 whip of freezing (7)]
  2882 | D:4      | 2882 ||| DRINKING potion of heal wounds.
  2886 | D:4      | Killed Pikel
  2887 | D:4      | Reached skill level 7 in Axes
  2887 | D:4      | Reached XP level 7. HP: 13/43 MP: 7/7
  2998 | D:4      | 2998 ||| DROPPING +0 whip.
  3141 | D:4      | 3141 ||| Stepping ~*~*~tactically~*~*~ (stealth).
  3144 | D:4      | 3144 ||| Stepping ~*~*~tactically~*~*~ (stealth).
  3304 | D:4      | Noticed qw's ghost (amateur GrFi)
  3316 | D:4      | Found a transporter.
  3456 | D:4      | 3456 ||| Stepping ~*~*~tactically~*~*~ (stealth).
  3457 | D:4      | 3457 ||| Stepping ~*~*~tactically~*~*~ (stealth).
  3508 | D:4      | 3508 ||| Stepping ~*~*~tactically~*~*~ (stealth).
  3512 | D:4      | 3512 ||| Stepping ~*~*~tactically~*~*~ (stealth).
  3887 | D:4      | 3887 ||| Stepping ~*~*~tactically~*~*~ (stealth).
  3891 | D:4      | 3891 ||| Stepping ~*~*~tactically~*~*~ (stealth).
  3922 | D:4      | 3922 ||| READING scroll labelled OCSECAK LUOKH.
  3923 | D:4      | 3923 ||| READING 3 scrolls of identify.
  3923 | D:4      | 3923 ||| IDENTIFYING pink potion
  3924 | D:4      | 3924 ||| DROPPING potion of flight.
  3934 | D:5      | Entered Level 5 of the Dungeon
  3988 | D:5      | Reached skill level 1 in Throwing
  3988 | D:5      | Reached XP level 8. HP: 48/48 MP: 8/8
  4025 | D:5      | 4025 ||| Stepping ~*~*~tactically~*~*~ (stealth).
  4031 | D:5      | 4031 ||| DROPPING +0 whip of freezing.
  4117 | D:5      | 4117 ||| Stepping ~*~*~tactically~*~*~ (stealth).
  4124 | D:5      | 4124 ||| Stepping ~*~*~tactically~*~*~ (hiding).
  4125 | D:5      | 4125 ||| Stepping ~*~*~tactically~*~*~ (stealth).
  4126 | D:5      | 4126 ||| Stepping ~*~*~tactically~*~*~ (stealth).
  4145 | D:5      | HP: 10/49 [iguana (9)]
  4150 | D:5      | HP: 6/49 [scorpion (2)]
  4153 | D:5      | Reached skill level 8 in Axes
  4155 | D:5      | HP: 2/49 [phantom (4)]
  4218 | D:5      | 4218 ||| Stepping ~*~*~tactically~*~*~ (stealth).
  4398 | D:5      | Reached skill level 6 in Fighting
  4423 | D:5      | Identified the +4 ring mail "Maicaa" {rF+ Int+2 Dex+4
                  | Stlth-}
  4430 | D:5      | 4430 ||| Stepping ~*~*~tactically~*~*~ (stealth).
  4451 | D:5      | 4451 ||| Stepping ~*~*~tactically~*~*~ (stealth).
  4452 | D:5      | 4452 ||| Stepping ~*~*~tactically~*~*~ (stealth).
  4454 | D:5      | 4454 ||| Stepping ~*~*~tactically~*~*~ (stealth).
  4457 | D:5      | 4457 ||| Stepping ~*~*~tactically~*~*~ (stealth).
  4460 | D:5      | 4460 ||| Stepping ~*~*~tactically~*~*~ (stealth).
  4678 | D:5      | Found a staircase to the Ecumenical Temple.
  4679 | D:5      | 4679 ||| PLANNING TEMPLE
  4679 | D:5      | 4679 ||| DROPPING +0 scale mail.
  4680 | D:5      | 4680 ||| UPGRADING to +4 ring mail "Maicaa" {rF+ Int+2
                  | Dex+4 Stlth-}.
  4690 | D:5      | 4690 ||| DROPPING +5 leather armour of Sif Muna's Regard
                  | {rF++ Will-}.
  4691 | D:5      | 4691 ||| READING scroll labelled UJEKHON UNYGGARGH.
  4737 | Temple   | Entered the Ecumenical Temple
  4737 | Temple   | Found a transporter.
  4737 | Temple   | Found a transporter.
  4739 | Temple   | Found a transporter.
  4739 | Temple   | Found a transporter.
  4749 | Temple   | 4749 ||| PLANNING D:1-11
  5141 | D:5      | 5141 ||| Stepping ~*~*~tactically~*~*~ (stealth).
  5320 | D:5      | Found a sparkling altar of Nemelex Xobeh.
  5428 | D:6      | Noticed a two-headed ogre
  5436 | D:6      | HP: 10/51 [two-headed ogre/+0 dire flail (10)]
  5439 | D:6      | Killed a two-headed ogre
  5440 | D:6      | Reached skill level 9 in Axes
  5440 | D:6      | Reached XP level 9. HP: 8/55 MP: 9/9
  5872 | D:6      | 5872 ||| Stepping ~*~*~tactically~*~*~ (stealth).
  5874 | D:6      | 5874 ||| Stepping ~*~*~tactically~*~*~ (stealth).
  5875 | D:6      | 5875 ||| Stepping ~*~*~tactically~*~*~ (stealth).
  6045 | D:6      | Noticed an unseen horror
  6046 | D:6      | Noticed a troll
  6070 | D:6      | 6070 ||| Stepping ~*~*~tactically~*~*~ (stealth).
  6073 | D:6      | 6073 ||| Stepping ~*~*~tactically~*~*~ (stealth).
  6082 | D:6      | 6082 ||| Stepping ~*~*~tactically~*~*~ (stealth).
  6083 | D:6      | 6083 ||| Stepping ~*~*~tactically~*~*~ (stealth).
  6084 | D:6      | 6084 ||| Stepping ~*~*~tactically~*~*~ (stealth).
  6085 | D:6      | 6085 ||| Stepping ~*~*~tactically~*~*~ (stealth).
  6193 | D:6      | 6193 ||| DROPPING +0 flail.
  6301 | D:6      | 6301 ||| READING scroll labelled QATUAL ERITHROD.
  6302 | D:6      | 6302 ||| READING scroll labelled WEXTIC JITI.
  6381 | D:7      | Reached skill level 10 in Axes
  6401 | D:7      | 6401 ||| Stepping ~*~*~tactically~*~*~ (stealth).
  6414 | D:7      | Reached skill level 3 in Dodging
  6447 | D:7      | 6447 ||| Stepping ~*~*~tactically~*~*~ (stealth).
  6496 | D:7      | 6496 ||| Stepping ~*~*~tactically~*~*~ (stealth).
  6523 | D:7      | 6523 ||| Stepping ~*~*~tactically~*~*~ (stealth).
  6566 | D:7      | 6566 ||| READING scroll of enchant armour.
  6566 | D:7      | 6566 ||| ENCHANTING +1 pair of gloves.
  6690 | D:7      | 6690 ||| Stepping ~*~*~tactically~*~*~ (hiding).
  6700 | D:7      | Reached XP level 10. HP: 64/64 MP: 10/10
  6857 | D:7      | 6857 ||| READING 6 scrolls of identify.
  6857 | D:7      | 6857 ||| IDENTIFYING metallic amethyst potion
  6908 | D:8      | 6908 ||| Stepping ~*~*~tactically~*~*~ (stealth).
  6917 | D:8      | Reached skill level 3 in Throwing
  7229 | D:8      | Found a snail-covered altar of Cheibriados.
  7230 | D:8      | Found a basalt altar of Yredelemnul.
  7614 | D:8      | 7614 ||| Stepping ~*~*~tactically~*~*~ (hiding).
  7627 | D:8      | 7627 ||| Stepping ~*~*~tactically~*~*~ (stealth).
  7633 | D:8      | Noticed a centaur warrior
  7636 | D:8      | Noticed a kobold demonologist
  7642 | D:8      | Killed a centaur warrior
  7657 | D:8      | HP: 16/64 [hellwing[a kobold demonologist] (4)]
  7658 | D:8      | 7658 ||| READING scroll of teleportation.
  7659 | D:8      | Killed a kobold demonologist
  7660 | D:8      | Reached skill level 11 in Axes
  7840 | D:8      | 7840 ||| Stepping ~*~*~tactically~*~*~ (stealth).
  7842 | D:8      | 7842 ||| Stepping ~*~*~tactically~*~*~ (hiding).
  7844 | D:8      | 7844 ||| Stepping ~*~*~tactically~*~*~ (stealth).
  7896 | D:8      | Identified the +3 leather armour of Pride {rPois}
  7896 | D:8      | Noticed a deep elf pyromancer
  7910 | D:8      | Killed a deep elf pyromancer
  7911 | D:8      | Reached skill level 9 in Fighting
  8465 | D:8      | 8465 ||| DRINKING 2 viscous pink potions.
  8499 | D:9      | Noticed Gastronok
  8509 | D:9      | 8509 ||| DRINKING potion of curing.
  8509 | D:9      | 8509 ||| (to cure confusion)
  8523 | D:9      | Killed Gastronok
  8524 | D:9      | Reached skill level 12 in Axes
  8524 | D:9      | Reached XP level 11. HP: 48/71 MP: 11/11
  8526 | D:9      | 8526 ||| FLEEEEING.
  8527 | D:9      | 8527 ||| FLEEEEING.
  8531 | D:9      | 8531 ||| STAIRDANCE
  8833 | D:9      | 8833 ||| READING scroll labelled WAPAEH ATOMIHYATZ.
  8834 | D:9      | 8834 ||| READING 8 scrolls of identify.
  8834 | D:9      | 8834 ||| IDENTIFYING green potion
  8835 | D:9      | 8835 ||| DROPPING potion of ambrosia.
  8842 | D:8      | Found an iron altar of Okawaru.
  8842 | D:8      | Found a radiant altar of Vehumet.
  8850 | D:8      | 8850 ||| PLANNING OKAWARU WORSHIP
  8851 | D:8      | Became a worshipper of Warmaster Okawaru
  8852 | D:8      | 8852 ||| PLANNING D:1-11
  8995 | D:9      | Noticed a seven-headed hydra
  8996 | D:9      | Found a runed translucent gate.
  8996 | D:9      | Noticed a centaur warrior
  8996 | D:9      | Noticed qw's ghost (novice GrFi)
  8997 | D:9      | Found a runed translucent gate.
  8997 | D:9      | Noticed a manticore
  8998 | D:9      | Found a runed translucent gate.
  9122 | D:9      | 9122 ||| Stepping ~*~*~tactically~*~*~ (hiding).
  9126 | D:9      | 9126 ||| Stepping ~*~*~tactically~*~*~ (hiding).
  9127 | D:9      | 9127 ||| Stepping ~*~*~tactically~*~*~ (hiding).
  9132 | D:9      | Reached skill level 6 in Shields
  9187 | D:9      | 9187 ||| Stepping ~*~*~tactically~*~*~ (stealth).
  9188 | D:9      | 9188 ||| Stepping ~*~*~tactically~*~*~ (stealth).
  9196 | D:9      | 9196 ||| Stepping ~*~*~tactically~*~*~ (hiding).
  9325 | D:9      | 9325 ||| Stepping ~*~*~tactically~*~*~ (stealth).
  9326 | D:9      | 9326 ||| Stepping ~*~*~tactically~*~*~ (stealth).
  9327 | D:9      | 9327 ||| Stepping ~*~*~tactically~*~*~ (stealth).
  9349 | D:9      | HP: 17/71 [yak (4)]
  9350 | D:9      | 9350 ||| READING 3 scrolls of teleportation.
  9591 | D:9      | Found a glowing silver altar of Zin.
  9591 | D:9      | Found a hide-covered altar of Uskayaw.
 10011 | D:10     | Entered Level 10 of the Dungeon
 10024 | D:10     | Reached * piety under Okawaru
 10119 | D:10     | Found a stormy altar of Qazlal.
 10130 | D:10     | Noticed a two-headed ogre
 10131 | D:10     | 10131 ||| Stepping ~*~*~tactically~*~*~ (stealth).
 10132 | D:10     | 10132 ||| INVOKING Heroism.
 10142 | D:10     | Killed a two-headed ogre
 10143 | D:10     | Reached skill level 1 in Invocations
 10152 | D:10     | Reached ** piety under Okawaru
 10164 | D:10     | Reached skill level 3 in Invocations
 10303 | D:10     | 10303 ||| Stepping ~*~*~tactically~*~*~ (hiding).
 10303 | D:10     | Noticed Lodul
 10304 | D:10     | 10304 ||| Stepping ~*~*~tactically~*~*~ (hiding).
 10314 | D:10     | 10314 ||| INVOKING Heroism.
 10322 | D:10     | Killed Lodul
 10447 | D:10     | 10447 ||| Stepping ~*~*~tactically~*~*~ (hiding).
 10448 | D:10     | 10448 ||| Stepping ~*~*~tactically~*~*~ (hiding).
 10451 | D:10     | 10451 ||| INVOKING Heroism.
 10590 | D:10     | 10590 ||| READING scroll of enchant armour.
 10590 | D:10     | 10590 ||| ENCHANTING +0 helmet.
 10620 | D:10     | 10620 ||| DROPPING +0 chain mail.
 10621 | D:10     | 10621 ||| UPGRADING to +0 plate armour.
 10631 | D:10     | 10631 ||| READING scroll labelled ZOSALA YGREL.
 10632 | D:10     | 10632 ||| READING 9 scrolls of identify.
 10632 | D:10     | 10632 ||| IDENTIFYING orange potion
 10633 | D:10     | 10633 ||| DROPPING potion of berserk rage.
 10651 | D:11     | Found Egoocaek's Book Emporium.
 10653 | D:11     | 10653 ||| STAIRDANCE
 10658 | D:11     | 10658 ||| STAIRDANCE
 10670 | D:11     | 10670 ||| STAIRDANCE
 10712 | D:11     | Reached *** piety under Okawaru
 10872 | D:11     | 10872 ||| INVOKING Heroism.
 10873 | D:11     | 10873 ||| Stepping ~*~*~tactically~*~*~ (hiding).
 10892 | D:11     | Reached XP level 12. HP: 67/77 MP: 15/15
 10894 | D:11     | 10894 ||| INVOKING Heroism.
 10899 | D:11     | Reached skill level 6 in Armour
 11063 | D:11     | 11063 ||| INVOKING Heroism.
 11182 | D:11     | Found a staircase to the Lair.
 11186 | D:11     | 11186 ||| INVOKING Heroism.
 11315 | D:11     | Noticed a two-headed ogre
 11324 | D:11     | Killed a two-headed ogre
 11453 | D:11     | Noticed Urug
 11454 | D:11     | 11454 ||| FLEEEEING.
 11455 | D:11     | 11455 ||| FLEEEEING.
 11456 | D:11     | 11456 ||| FLEEEEING.
 11457 | D:11     | 11457 ||| FLEEEEING.
 11458 | D:11     | 11458 ||| FLEEEEING.
 11459 | D:11     | 11459 ||| FLEEEEING.
 11460 | D:11     | 11460 ||| FLEEEEING.
 11461 | D:11     | 11461 ||| FLEEEEING.
 11463 | D:11     | 11463 ||| FLEEEEING.
 11464 | D:11     | 11464 ||| INVOKING Heroism.
 11476 | D:11     | Killed Urug
 11476 | D:11     | Reached **** piety under Okawaru
 11731 | D:11     | 11731 ||| INVOKING Heroism.
 11903 | D:11     | 11903 ||| UPGRADING to ring of protection from cold.
 11904 | D:11     | 11904 ||| READING 8 scrolls of identify.
 11904 | D:11     | 11904 ||| IDENTIFYING glowing inky potion
 12090 | D:11     | 12090 ||| PLANNING LAIR
 12139 | Lair:1   | Entered Level 1 of the Lair of Beasts
 12171 | Lair:1   | Found a transporter.
 12173 | Lair:1   | Found a transporter.
 12174 | Lair:1   | Noticed a boulder beetle
 12368 | Lair:1   | 12368 ||| Stepping ~*~*~tactically~*~*~ (stealth).
 12369 | Lair:1   | 12369 ||| Stepping ~*~*~tactically~*~*~ (stealth).
 12370 | Lair:1   | 12370 ||| INVOKING Heroism.
 12377 | Lair:1   | Received a gift from Okawaru
 12420 | Lair:1   | 12420 ||| INVOKING Heroism.
 12583 | Lair:1   | Noticed a catoblepas
 12584 | Lair:1   | 12584 ||| Stepping ~*~*~tactically~*~*~ (hiding).
 12585 | Lair:1   | 12585 ||| INVOKING Heroism.
 12593 | Lair:1   | HP: 9/77 [catoblepas (17)]
 12594 | Lair:1   | 12594 ||| READING 3 scrolls of teleportation.
 12596 | Lair:1   | Killed a catoblepas
 12597 | Lair:1   | Reached skill level 9 in Armour
 12600 | Lair:1   | 12600 ||| READING 2 scrolls of teleportation.
 12604 | Lair:1   | 12604 ||| READING scroll of teleportation.
 12917 | Lair:1   | 12917 ||| INVOKING Heroism.
 12918 | Lair:1   | 12918 ||| Stepping ~*~*~tactically~*~*~ (stealth).
 12930 | Lair:1   | Reached skill level 13 in Axes
 12930 | Lair:1   | Reached skill level 6 in Invocations
 13028 | Lair:1   | 13028 ||| Stepping ~*~*~tactically~*~*~ (stealth).
 13030 | Lair:1   | 13030 ||| INVOKING Heroism.
 13042 | Lair:1   | Reached ***** piety under Okawaru
 13051 | Lair:1   | 13051 ||| INVOKING Heroism.
 13468 | Lair:1   | Noticed a catoblepas
 13469 | Lair:1   | 13469 ||| Stepping ~*~*~tactically~*~*~ (hiding).
 13473 | Lair:1   | 13473 ||| INVOKING Heroism.
 13474 | Lair:1   | 13474 ||| INVOKING Finesse.
 13483 | Lair:1   | Killed a catoblepas
 13801 | Lair:1   | 13801 ||| UPGRADING to +0 cloak.
 13806 | Lair:1   | 13806 ||| READING scroll labelled SOHEIZ AXTUAGA.
 13855 | Lair:1   | 13855 ||| DRINKING 3 smoky emerald potions.
 13856 | Lair:1   | 13856 ||| READING 7 scrolls of identify.
 13856 | Lair:1   | 13856 ||| IDENTIFYING glowing yellow potion
 13857 | Lair:1   | 13857 ||| DROPPING potion of degeneration.
 13893 | Lair:2   | 13893 ||| PLANNING GAUNTLET
 13893 | Lair:2   | 13893 ||| INVOKING Heroism.
 13894 | Lair:2   | 13894 ||| STAIRDANCE
 13930 | Lair:2   | 13930 ||| STAIRDANCE
 13935 | Lair:1   | 13935 ||| INVOKING Heroism.
 13961 | Lair:2   | 13961 ||| STAIRDANCE
 13963 | Lair:1   | 13963 ||| INVOKING Heroism.
 14038 | Lair:2   | 14038 ||| INVOKING Heroism.
 14146 | Lair:2   | 14146 ||| INVOKING Heroism.
 14147 | Lair:2   | Found a hole to the Spider Nest.
 14201 | Lair:2   | Identified the +1 pair of gloves of the Game of Kings {rN+
                  | Int+3}
 14209 | Lair:2   | Found a runed translucent door.
 14211 | Lair:2   | Noticed qw's ghost (journeyman GrFi)
 14238 | Lair:2   | Noticed Erica
 14239 | Lair:2   | 14239 ||| INVOKING Heroism.
 14240 | Lair:2   | 14240 ||| INVOKING Finesse.
 14249 | Lair:2   | Reached XP level 13. HP: 79/82 MP: 11/19
 14249 | Lair:2   | Killed Erica
 14312 | Lair:2   | 14312 ||| Stepping ~*~*~tactically~*~*~ (stealth).
 14314 | Lair:2   | 14314 ||| INVOKING Heroism.
 14323 | Lair:2   | 14323 ||| Stepping ~*~*~tactically~*~*~ (stealth).
 14326 | Lair:2   | 14326 ||| Stepping ~*~*~tactically~*~*~ (stealth).
 14379 | Lair:2   | 14379 ||| RIP GAUNTLET
 14384 | Lair:2   | 14384 ||| PLANNING LAIR
 14528 | Lair:2   | 14528 ||| INVOKING Heroism.
 14659 | Lair:2   | 14659 ||| FLEEEEING.
 14660 | Lair:2   | 14660 ||| FLEEEEING.
 14661 | Lair:2   | 14661 ||| FLEEEEING.
 14669 | Lair:2   | Reached skill level 9 in Invocations
 14671 | Lair:2   | 14671 ||| FLEEEEING.
 14676 | Lair:2   | 14676 ||| FLEEEEING.
 14677 | Lair:2   | 14677 ||| FLEEEEING.
 14678 | Lair:2   | 14678 ||| STAIRDANCE
 14682 | Lair:1   | 14682 ||| DROPPING +1 pair of gloves of the Game of Kings
                  | {rN+ Int+3}.
 14683 | Lair:1   | 14683 ||| READING 8 scrolls of identify.
 14683 | Lair:1   | 14683 ||| IDENTIFYING red potion
 14684 | Lair:1   | 14684 ||| DROPPING potion of brilliance.
 14690 | Lair:2   | 14690 ||| INVOKING Heroism.
 14691 | Lair:2   | 14691 ||| STAIRDANCE
 14704 | Lair:2   | 14704 ||| STAIRDANCE
 14738 | Lair:2   | 14738 ||| STAIRDANCE
 15021 | Lair:2   | Found a staircase to the Shoals.
 15282 | Lair:3   | 15282 ||| INVOKING Heroism.
 15362 | Lair:3   | 15362 ||| INVOKING Heroism.
 15363 | Lair:3   | 15363 ||| INVOKING Finesse.
 15365 | Lair:3   | 15365 ||| SWAPPING to +0 morningstar.
 15372 | Lair:3   | 15372 ||| SWAPPING to +1 vorpal war axe.
 15635 | Lair:3   | 15635 ||| Stepping ~*~*~tactically~*~*~ (hiding).
 15712 | Lair:3   | 15712 ||| Stepping ~*~*~tactically~*~*~ (stealth).
 15853 | Lair:3   | 15853 ||| Stepping ~*~*~tactically~*~*~ (stealth).
 15854 | Lair:3   | 15854 ||| Stepping ~*~*~tactically~*~*~ (stealth).
 15862 | Lair:3   | 15862 ||| INVOKING Heroism.
 15869 | Lair:3   | Received a gift from Okawaru
 15876 | Lair:3   | 15876 ||| SWAPPING to +2 war axe of electrocution.
 15877 | Lair:3   | 15877 ||| DROPPING +1 vorpal war axe.
 16072 | Lair:3   | 16072 ||| Stepping ~*~*~tactically~*~*~ (stealth).
 16075 | Lair:3   | 16075 ||| Stepping ~*~*~tactically~*~*~ (stealth).
 16094 | Lair:3   | Reached skill level 14 in Axes
 16344 | Lair:4   | 16344 ||| Stepping ~*~*~tactically~*~*~ (stealth).
 16347 | Lair:4   | 16347 ||| Stepping ~*~*~tactically~*~*~ (stealth).
 16350 | Lair:4   | 16350 ||| Stepping ~*~*~tactically~*~*~ (stealth).
 16352 | Lair:4   | 16352 ||| Stepping ~*~*~tactically~*~*~ (stealth).
 16383 | Lair:4   | Found a staircase to the Slime Pits.
 16389 | Lair:4   | 16389 ||| Stepping ~*~*~tactically~*~*~ (stealth).
 16645 | Lair:4   | Identified the +9 falchion of Ymecs {spect, *Corrode Str+4}
 16668 | Lair:4   | 16668 ||| SWAPPING to +0 broad axe.
 16669 | Lair:4   | 16669 ||| DROPPING +2 war axe of electrocution.
 16690 | Lair:4   | 16690 ||| Stepping ~*~*~tactically~*~*~ (stealth).
 16693 | Lair:4   | 16693 ||| Stepping ~*~*~tactically~*~*~ (stealth).
 16694 | Lair:4   | 16694 ||| Stepping ~*~*~tactically~*~*~ (stealth).
 16695 | Lair:4   | 16695 ||| Stepping ~*~*~tactically~*~*~ (stealth).
 16781 | Lair:4   | 16781 ||| Stepping ~*~*~tactically~*~*~ (stealth).
 16787 | Lair:4   | 16787 ||| Stepping ~*~*~tactically~*~*~ (stealth).
 16791 | Lair:4   | 16791 ||| Stepping ~*~*~tactically~*~*~ (stealth).
 16873 | Lair:4   | 16873 ||| Stepping ~*~*~tactically~*~*~ (stealth).
 16875 | Lair:4   | 16875 ||| Stepping ~*~*~tactically~*~*~ (stealth).
 16888 | Lair:4   | 16888 ||| INVOKING Heroism.
 16990 | Lair:4   | 16990 ||| Stepping ~*~*~tactically~*~*~ (stealth).
 16991 | Lair:4   | 16991 ||| Stepping ~*~*~tactically~*~*~ (stealth).
 16992 | Lair:4   | 16992 ||| INVOKING Heroism.
 17017 | Lair:4   | HP: 16/84 [elephant (13)]
 17018 | Lair:4   | 17018 ||| READING scroll of teleportation.
 17019 | Lair:4   | 17019 ||| DRINKING potion of heal wounds.
 17239 | Lair:4   | 17239 ||| INVOKING Heroism.
 17308 | Lair:4   | 17308 ||| INVOKING Heroism.
 17371 | Lair:4   | 17371 ||| Stepping ~*~*~tactically~*~*~ (stealth).
 17396 | Lair:4   | 17396 ||| INVOKING Heroism.
 17685 | Lair:4   | 17685 ||| READING scroll of enchant armour.
 17685 | Lair:4   | 17685 ||| ENCHANTING +1 helmet.
 17691 | Lair:4   | 17691 ||| INVOKING Heroism.
 17885 | Lair:4   | 17885 ||| DROPPING orb of wrath.
 17911 | Lair:5   | Entered Level 5 of the Lair of Beasts
 17913 | Lair:5   | 17913 ||| INVOKING Heroism.
 17915 | Lair:5   | 17915 ||| STAIRDANCE
 17927 | Lair:5   | 17927 ||| STAIRDANCE
 17932 | Lair:4   | Gained mutation: Your large and strong wings let you fly.
                  | [Gargoyle growth]
 17932 | Lair:4   | Reached XP level 14. HP: 90/90 MP: 21/21
 18070 | Lair:5   | 18070 ||| Stepping ~*~*~tactically~*~*~ (stealth).
 18083 | Lair:5   | 18083 ||| Stepping ~*~*~tactically~*~*~ (stealth).
 18089 | Lair:5   | 18089 ||| INVOKING Heroism.
 18160 | Lair:5   | 18160 ||| Stepping ~*~*~tactically~*~*~ (hiding).
 18192 | Lair:5   | 18192 ||| INVOKING Heroism.
 18481 | Lair:5   | 18481 ||| Stepping ~*~*~tactically~*~*~ (stealth).
 18485 | Lair:5   | 18485 ||| Stepping ~*~*~tactically~*~*~ (stealth).
 18488 | Lair:5   | 18488 ||| INVOKING Heroism.
 18502 | Lair:5   | Reached skill level 15 in Axes
 18509 | Lair:5   | Reached ****** piety under Okawaru
 18642 | Lair:5   | Identified the +0 kite shield of Lifusooto {Will- Slay+4}
                  | (Okawaru gifted it to you on level 5 of the Lair of Beasts)
 18642 | Lair:5   | Received a gift from Okawaru
 18887 | Lair:5   | 18887 ||| Stepping ~*~*~tactically~*~*~ (stealth).
 18983 | Lair:5   | 18983 ||| Stepping ~*~*~tactically~*~*~ (hiding).
 18988 | Lair:5   | 18988 ||| INVOKING Heroism.
 19015 | Lair:5   | HP: 15/90 [molten gargoyle/+0 flail (10)]
 19016 | Lair:5   | 19016 ||| READING 2 scrolls of teleportation.
 19562 | Lair:5   | 19562 ||| Stepping ~*~*~tactically~*~*~ (stealth).
 19671 | Lair:5   | 19671 ||| Stepping ~*~*~tactically~*~*~ (stealth).
 19672 | Lair:5   | 19672 ||| INVOKING Heroism.
 19674 | Lair:5   | Found a large runed translucent door.
 19674 | Lair:5   | Found a large runed translucent door.
 19694 | Lair:5   | 19694 ||| INVOKING Heroism.
 19706 | Lair:5   | HP: 11/90 [komodo dragon (17)]
 19707 | Lair:5   | 19707 ||| READING scroll of teleportation.
 19937 | Lair:5   | Found a runed translucent door.
 19938 | Lair:5   | Noticed qw's ghost (journeyman GrFi)
 19999 | Lair:5   | 19999 ||| Stepping ~*~*~tactically~*~*~ (stealth).
 20006 | Lair:5   | 20006 ||| INVOKING Heroism.
 20331 | Lair:5   | 20331 ||| PLANNING D
 20331 | Lair:5   | 20331 ||| UPGRADING to +0 kite shield of Lifusooto {Will-
                  | Slay+4}.
 20341 | Lair:5   | 20341 ||| DROPPING +0 buckler.
 20678 | D:12     | Found a hazy altar of Hepliaklqana.
 20760 | D:12     | 20760 ||| INVOKING Heroism.
 20762 | D:12     | 20762 ||| Stepping ~*~*~tactically~*~*~ (stealth).
 20798 | D:12     | 20798 ||| Stepping ~*~*~tactically~*~*~ (stealth).
 20814 | D:12     | 20814 ||| Stepping ~*~*~tactically~*~*~ (stealth).
 20835 | D:12     | 20835 ||| DRINKING 6 potions of curing.
 20835 | D:12     | 20835 ||| (to cure confusion)
 20836 | D:12     | 20836 ||| DRINKING 5 potions of curing.
 20836 | D:12     | 20836 ||| (to cure confusion)
 20875 | D:12     | 20875 ||| INVOKING Heroism.
 20876 | D:12     | 20876 ||| INVOKING Finesse.
 20886 | D:12     | 20886 ||| Stepping ~*~*~tactically~*~*~ (stealth).
 20900 | D:12     | 20900 ||| Stepping ~*~*~tactically~*~*~ (stealth).
 20901 | D:12     | 20901 ||| Stepping ~*~*~tactically~*~*~ (stealth).
 20951 | D:12     | 20951 ||| INVOKING Heroism.
 20989 | D:12     | Found a staircase to the Orcish Mines.
 21016 | D:12     | 21016 ||| Stepping ~*~*~tactically~*~*~ (stealth).
 21421 | D:12     | 21421 ||| UPGRADING to +2 plate armour of fire resistance.
 21431 | D:12     | 21431 ||| DROPPING +4 ring mail "Maicaa" {rF+ Int+2 Dex+4
                  | Stlth-}.
 21432 | D:12     | 21432 ||| DROPPING +0 plate armour.
 21469 | D:13     | Noticed Josephine
 21471 | D:13     | 21471 ||| INVOKING Heroism.
 21479 | D:13     | Killed Josephine
 21510 | D:13     | 21510 ||| INVOKING Finesse.
 21511 | D:13     | 21511 ||| INVOKING Heroism.
 21533 | D:13     | Reached skill level 9 in Shields
 21533 | D:13     | 21533 ||| Stepping ~*~*~tactically~*~*~ (cloud).
 21604 | D:13     | 21604 ||| INVOKING Heroism.
 21783 | D:13     | 21783 ||| INVOKING Heroism.
 21863 | D:13     | Found a gate to the Vaults.
 21864 | D:13     | 21864 ||| Stepping ~*~*~tactically~*~*~ (stealth).
 21866 | D:13     | 21866 ||| INVOKING Heroism.
 21875 | D:13     | Received a gift from Okawaru
 21904 | D:13     | Received a gift from Okawaru
 21905 | D:13     | 21905 ||| FLEEEEING.
 21906 | D:13     | 21906 ||| FLEEEEING.
 21907 | D:13     | 21907 ||| FLEEEEING.
 21908 | D:13     | 21908 ||| FLEEEEING.
 21909 | D:13     | 21909 ||| FLEEEEING.
 21910 | D:13     | 21910 ||| FLEEEEING.
 21911 | D:13     | 21911 ||| FLEEEEING.
 21912 | D:13     | 21912 ||| FLEEEEING.
 21913 | D:13     | 21913 ||| FLEEEEING.
 21914 | D:13     | 21914 ||| FLEEEEING.
 21915 | D:13     | 21915 ||| FLEEEEING.
 21916 | D:13     | 21916 ||| FLEEEEING.
 21917 | D:13     | 21917 ||| FLEEEEING.
 21918 | D:13     | 21918 ||| FLEEEEING.
 21919 | D:13     | 21919 ||| FLEEEEING.
 21920 | D:13     | 21920 ||| FLEEEEING.
 21921 | D:13     | 21921 ||| FLEEEEING.
 21922 | D:13     | 21922 ||| FLEEEEING.
 21923 | D:13     | 21923 ||| FLEEEEING.
 21924 | D:13     | 21924 ||| FLEEEEING.
 21925 | D:13     | 21925 ||| FLEEEEING.
 21926 | D:13     | 21926 ||| FLEEEEING.
 21927 | D:13     | 21927 ||| FLEEEEING.
 21928 | D:13     | 21928 ||| FLEEEEING.
 21929 | D:13     | 21929 ||| FLEEEEING.
 21930 | D:13     | 21930 ||| FLEEEEING.
 21931 | D:13     | 21931 ||| FLEEEEING.
 21932 | D:13     | 21932 ||| FLEEEEING.
 21933 | D:13     | 21933 ||| FLEEEEING.
 21934 | D:13     | 21934 ||| FLEEEEING.
 21935 | D:13     | 21935 ||| FLEEEEING.
 21936 | D:13     | 21936 ||| STAIRDANCE
 22067 | D:13     | 22067 ||| INVOKING Heroism.
 22382 | D:13     | Noticed Frances
 22383 | D:13     | 22383 ||| Stepping ~*~*~tactically~*~*~ (hiding).
 22386 | D:13     | 22386 ||| INVOKING Heroism.
 22387 | D:13     | 22387 ||| INVOKING Finesse.
 22407 | D:13     | Killed Frances
 22801 | D:14     | 22801 ||| INVOKING Heroism.
 22804 | D:14     | 22804 ||| STAIRDANCE
 22838 | D:14     | Identified the +4 chain mail "Cainivea" {Will- Str+3}
                  | (Okawaru gifted it to you on level 14 of the Dungeon)
 22838 | D:14     | Received a gift from Okawaru
 22981 | D:14     | 22981 ||| Stepping ~*~*~tactically~*~*~ (hiding).
 22984 | D:14     | 22984 ||| INVOKING Heroism.
 22985 | D:14     | 22985 ||| INVOKING Finesse.
 22986 | D:14     | 22986 ||| INVOKING Finesse.
 22993 | D:14     | Reached XP level 15. HP: 92/94 MP: 15/22
 23001 | D:14     | Reached skill level 12 in Shields
 23046 | D:14     | 23046 ||| READING scroll of enchant armour.
 23046 | D:14     | 23046 ||| ENCHANTING +2 plate armour of fire resistance.
 23061 | D:14     | 23061 ||| INVOKING Heroism.
 23184 | D:14     | 23184 ||| Stepping ~*~*~tactically~*~*~ (hiding).
 23196 | D:14     | 23196 ||| Stepping ~*~*~tactically~*~*~ (hiding).
 23203 | D:14     | 23203 ||| Stepping ~*~*~tactically~*~*~ (hiding).
 23204 | D:14     | 23204 ||| Stepping ~*~*~tactically~*~*~ (hiding).
 23346 | D:14     | 23346 ||| INVOKING Heroism.
 23391 | D:14     | Reached skill level 12 in Fighting
 23573 | D:14     | Found Voyzxic's Magic Scroll Shoppe.
 23574 | D:14     | 23574 ||| INVOKING Heroism.
 23575 | D:14     | 23575 ||| SWAPPING to +0 morningstar.
 23576 | D:14     | 23576 ||| INVOKING Finesse.
 23584 | D:14     | 23584 ||| SWAPPING to +0 broad axe.
 23632 | D:14     | 23632 ||| BUYING scroll of enchant weapon (112 gold).
 23632 | D:14     | Bought a scroll of enchant weapon for 112 gold pieces
 23632 | D:14     | 23632 ||| BUYING scroll of teleportation (45 gold).
 23632 | D:14     | Bought a scroll of teleportation for 45 gold pieces
 23632 | D:14     | 23632 ||| BUYING scroll of teleportation (45 gold).
 23632 | D:14     | Bought a scroll of teleportation for 45 gold pieces
 23632 | D:14     | 23632 ||| BUYING scroll of teleportation (45 gold).
 23632 | D:14     | Bought a scroll of teleportation for 45 gold pieces
 23632 | D:14     | 23632 ||| READING scroll of enchant weapon.
 23632 | D:14     | 23632 ||| ENCHANTING +0 broad axe.
 23761 | D:14     | 23761 ||| DROPPING amulet of faith.
 23775 | D:15     | Entered Level 15 of the Dungeon
 23854 | D:15     | 23854 ||| Stepping ~*~*~tactically~*~*~ (hiding).
 23861 | D:15     | 23861 ||| INVOKING Heroism.
 24039 | D:15     | 24039 ||| Stepping ~*~*~tactically~*~*~ (hiding).
 24086 | D:15     | 24086 ||| INVOKING Heroism.
 24155 | D:15     | 24155 ||| Stepping ~*~*~tactically~*~*~ (stealth).
 24264 | D:15     | 24264 ||| INVOKING Heroism.
 24340 | D:15     | Found a staircase to the Depths.
 24364 | D:15     | Noticed Agnes
 24365 | D:15     | 24365 ||| INVOKING Heroism.
 24366 | D:15     | 24366 ||| INVOKING Finesse.
 24380 | D:15     | Killed Agnes
 24525 | D:15     | Noticed Rupert
 24526 | D:15     | 24526 ||| INVOKING Heroism.
 24527 | D:15     | 24527 ||| INVOKING Finesse.
 24540 | D:15     | Killed Rupert
 24540 | D:15     | Received a gift from Okawaru
 24541 | D:15     | Reached skill level 16 in Axes
 24607 | D:15     | Found a sparkling altar of Nemelex Xobeh.
 24610 | D:15     | Found an ornate altar of the Wu Jian Council.
 24610 | D:15     | Found a shimmering altar of Xom.
 24612 | D:15     | Found a shimmering altar of Xom.
 24612 | D:15     | Found a shimmering altar of Xom.
 24612 | D:15     | Found a white marble altar of Elyvilon.
 24663 | D:15     | 24663 ||| Stepping ~*~*~tactically~*~*~ (hiding).
 24664 | D:15     | Noticed Kirke
 24665 | D:15     | 24665 ||| INVOKING Heroism.
 24666 | D:15     | 24666 ||| INVOKING Finesse.
 24682 | D:15     | 24682 ||| DRINKING potion of cancellation.
 24683 | D:15     | Killed Kirke
 24688 | D:15     | Received a gift from Okawaru
 24706 | D:15     | 24706 ||| Stepping ~*~*~tactically~*~*~ (hiding).
 24713 | D:15     | Paralysed by an ogre mage for 4 turns
 24725 | D:15     | 24725 ||| INVOKING Heroism.
 24725 | D:15     | HP: 21/96 [two-headed ogre/+0 giant club (13)]
 24726 | D:15     | 24726 ||| READING 4 scrolls of teleportation.
 24727 | D:15     | 24727 ||| DRINKING 2 potions of heal wounds.
 24952 | D:15     | 24952 ||| INVOKING Heroism.
 25211 | D:15     | 25211 ||| INVOKING Heroism.
 25220 | D:15     | Identified the +9 crystal plate armour of Unambiguity
                  | {Str+4} (Okawaru gifted it to you on level 15 of the
                  | Dungeon)
 25220 | D:15     | Received a gift from Okawaru
 25348 | D:15     | 25348 ||| PLANNING ORC
 25348 | D:15     | 25348 ||| UPGRADING to +9 crystal plate armour of
                  | Unambiguity {Str+4}.
 25358 | D:15     | 25358 ||| DROPPING +3 plate armour of fire resistance.
 25359 | D:15     | 25359 ||| DROPPING +4 plate armour.
 25360 | D:15     | 25360 ||| READING scroll labelled VIKLUU PAPNAATHRAE.
 25477 | Orc:1    | Entered Level 1 of the Orcish Mines
 25483 | Orc:1    | Reached skill level 12 in Armour
 25491 | Orc:1    | 25491 ||| INVOKING Heroism.
 25513 | Orc:1    | Noticed Maurice
 25520 | Orc:1    | Killed Maurice
 25622 | Orc:1    | 25622 ||| Stepping ~*~*~tactically~*~*~ (stealth).
 25624 | Orc:1    | 25624 ||| DRINKING 8 potions of curing.
 25624 | Orc:1    | 25624 ||| (to cure confusion)
 25625 | Orc:1    | 25625 ||| Stepping ~*~*~tactically~*~*~ (hiding).
 25628 | Orc:1    | 25628 ||| INVOKING Heroism.
 25756 | Orc:1    | 25756 ||| UPGRADING to +0 cloak of willpower.
 25766 | Orc:1    | 25766 ||| DROPPING +0 cloak.
 25783 | Orc:2    | Entered Level 2 of the Orcish Mines
 25784 | Orc:2    | 25784 ||| INVOKING Heroism.
 25879 | Orc:2    | 25879 ||| Stepping ~*~*~tactically~*~*~ (hiding).
 25881 | Orc:2    | 25881 ||| Stepping ~*~*~tactically~*~*~ (hiding).
 25886 | Orc:2    | 25886 ||| INVOKING Heroism.
 25890 | Orc:2    | 25890 ||| Stepping ~*~*~tactically~*~*~ (hiding).
 25912 | Orc:2    | 25912 ||| Stepping ~*~*~tactically~*~*~ (hiding).
 25921 | Orc:2    | 25921 ||| Stepping ~*~*~tactically~*~*~ (hiding).
 25929 | Orc:2    | 25929 ||| INVOKING Heroism.
 25937 | Orc:2    | HP: 23/96 [orc high priest/divine providence (11)]
 25938 | Orc:2    | 25938 ||| READING 3 scrolls of teleportation.
 25939 | Orc:2    | 25939 ||| DRINKING potion of heal wounds.
 26008 | Orc:2    | 26008 ||| Stepping ~*~*~tactically~*~*~ (stealth).
 26009 | Orc:2    | 26009 ||| Stepping ~*~*~tactically~*~*~ (stealth).
 26010 | Orc:2    | 26010 ||| INVOKING Heroism.
 26084 | Orc:2    | 26084 ||| INVOKING Heroism.
 26110 | Orc:2    | Reached XP level 16. HP: 69/101 MP: 23/23
 26122 | Orc:2    | 26122 ||| INVOKING Finesse.
 26142 | Orc:2    | 26142 ||| INVOKING Heroism.
 26149 | Orc:2    | 26149 ||| Stepping ~*~*~tactically~*~*~ (hiding).
 26163 | Orc:2    | 26163 ||| Stepping ~*~*~tactically~*~*~ (hiding).
 26166 | Orc:2    | 26166 ||| Stepping ~*~*~tactically~*~*~ (hiding).
 26167 | Orc:2    | 26167 ||| Stepping ~*~*~tactically~*~*~ (hiding).
 26168 | Orc:2    | 26168 ||| FLEEEEING.
 26179 | Orc:2    | HP: 13/101 [orc high priest/divine providence (13)]
 26179 | Orc:2    | HP: 2/101 [orc priest/divine providence (11)]
 26180 | Orc:2    | 26180 ||| READING 2 scrolls of teleportation.
 26180 | Orc:2    | Killed from afar by an orc priest

Levels and vault maps discovered:
D:1:      minmay_arrival_three_doors, layout_loops_ring, basic_ecumenical_altar
D:2:      layout_loops_cross
D:3:      kennysheep_goblin_castle, layout_loops_ring, lightli_temple_of_fire
D:4:      layout_basic, gammafunk_ghost_smash, serial_corexii_hall,
          corexii_hall_statues_i, corexii_hall_statues_i,
          hangedman_decor_riveting, kennysheep_cross_bottleneck, uniq_pikel
D:5:      minmay_recursive_quarters, layout_basic, nemelex_diamond_rough_becter,
          temple_hall
D:6:      layout_loops_ring, lightli_corner_chamber
D:7:      layout_basic
D:8:      minmay_bloctagon, layout_basic, nicolae_overflow_hidden_temple
D:9:      layout_basic, gammafunk_temple_overflow_wave, enter_bailey_4,
          gammafunk_ghost_split, uniq_gastronok
D:10:     layout_basic, grunt_qazlal_sundering, kennysheep_small_circle,
          uniq_lodul
D:11:     layout_gridville, dpeg_oklobed_lair, serial_shops,
          nicolae_square_shop, grunt_ministairs_14, uniq_urug
D:12:     layout_loops_ring, david_orc_2, dreamdust_princess_corridor,
          nicolae_hepliaklqana_hippocampus
D:13:     layout_long_grid, erik_vaults_2, minivault_16, uniq_josephine,
          uniq_frances
D:14:     layout_roguey, serial_shops, shop, minivault_25
D:15:     grunt_enter_depths_magical_seal, layout_basic, doesnt_xom_only_xom,
          uniq_agnes, uniq_kirke, uniq_rupert
Temple:   hellmonk_temple_divided_pantheon
Lair:1:   gammafunk_boulding_lane, layout_layer_cave,
          chequers_serial_rivers_room_b, small_statue_intersection
Lair:2:   layout_small_grid, elwin_shoals_entry_rooms,
          hellmonk_spider_entry_not_the_bees, gauntlet_entry_generic,
          hellmonk_ghost_happy_afterlife, infiniplex_staircase_pool, uniq_erica
Lair:3:   layout_loops_ring, grunt_megastairs_3, serial_bayou_shore_b
Lair:4:   layout_regular_city, minmay_slime_entry_jelly_boxes
Lair:5:   cheibrodos_lair_end_hotspot, layout_layer_cave,
          ebering_ghost_inner_flame
Orc:1:    layout_caves, uniq_maurice
Orc:2:    st_orc_congregation, layout_diamond_mine, basic_altar

Skill      XL: |  1  2  3  4  5  6  7  8  9 10 11 12 13 14 15 16 |
---------------+-------------------------------------------------+-----
Axes           | 2 3 4 5 7 9 10 12 13 14 15 16 | 16.0
Dodging        | 1 2 3 4 |  4.0
Fighting       | 4 6 8 9 10 11 12 | 12.0
Throwing       | 1 2 3 4 5 |  5.0
Shields        | 4 5 6 7 11 13 | 13.0
Armour         | 4 5 9 10 11 12 13 | 13.1
Invocations    | 4 8 10 | 10.0

Action                   |  1- 3 |  4- 6 |  7- 9 | 10-12 | 13-15 | 16-18 || total
-------------------------+-------+-------+-------+-------+-------+-------++-------
Melee: War axe           |   106 |   108 |   208 |   548 |   208 |       ||  1178
       Broad axe         |       |       |       |       |  1015 |    41 ||  1056
       Morningstar       |       |       |       |       |    11 |       ||    11
Throw: Javelin           |       |       |    60 |    50 |   132 |     1 ||   243
       Boomerang         |       |       |    13 |    15 |    37 |     2 ||    67
Invok: Heroism           |       |       |       |    22 |    51 |     1 ||    74
       Finesse           |       |       |       |     2 |     9 |     1 ||    12
  Use: Scroll            |     2 |     9 |     6 |    14 |    10 |     1 ||    42
       Potion            |     1 |     3 |       |     3 |     7 |       ||    14
 Stab: Sleeping          |       |       |     1 |       |       |       ||     1
Armor: Scale mail        |    66 |    42 |       |       |       |       ||   108
       Leather armour    |       |    12 |    46 |       |       |       ||    58
       Ring mail         |       |       |    40 |   141 |       |       ||   181
       Plate armour      |       |       |       |   165 |   539 |       ||   704
       Crystal plate arm |       |       |       |       |    16 |     6 ||    22
Dodge: Dodged            |    57 |    67 |    90 |   242 |   335 |     6 ||   797
Block: Buckler           |    18 |    23 |    46 |   139 |   143 |       ||   369
       Kite shield       |       |       |       |       |   281 |     7 ||   288

Table legend:
 A = Non-vault XP
 B = Vault XP
 C = Vault XP percentage of total XP
 D = Non-vault monster count
 E = Vault monster count
 F = Vault count percentage of total count
                 A         B        C        D         E       F
            +---------+---------+-------+---------+---------+-------
      Total |   85095 |   47184 |  35.7 |     419 |     206 |  33.0
            +---------+---------+-------+---------+---------+-------
        D:1 |      39 |       0 |   0.0 |      21 |       0 |   0.0
        D:2 |      60 |       0 |   0.0 |      20 |       0 |   0.0
        D:3 |     153 |      55 |  26.4 |      19 |      21 |  52.5
        D:4 |     183 |     685 |  78.9 |      20 |       1 |   4.8
        D:5 |     640 |     497 |  43.7 |      19 |      12 |  38.7
        D:6 |    1625 |       0 |   0.0 |      17 |       0 |   0.0
        D:7 |     883 |       0 |   0.0 |      14 |       0 |   0.0
        D:8 |     982 |    2895 |  74.7 |       9 |      16 |  64.0
        D:9 |    1899 |    1525 |  44.5 |      23 |       6 |  20.7
       D:10 |    2994 |    2171 |  42.0 |      21 |      12 |  36.4
       D:11 |    2494 |    2561 |  50.7 |       8 |      12 |  60.0
       D:12 |    4174 |     270 |   6.1 |      17 |       7 |  29.2
       D:13 |    3638 |   10898 |  75.0 |      11 |      16 |  59.3
       D:14 |    9816 |       0 |   0.0 |      18 |       0 |   0.0
       D:15 |   18740 |    9604 |  33.9 |      32 |      13 |  28.9
     Lair:1 |    9284 |       0 |   0.0 |      33 |       0 |   0.0
     Lair:2 |    4932 |    1599 |  24.5 |      21 |       6 |  22.2
     Lair:3 |    6083 |     731 |  10.7 |      17 |       6 |  26.1
     Lair:4 |    9080 |     547 |   5.7 |      38 |      14 |  26.9
     Lair:5 |    5218 |    6247 |  54.5 |      19 |      26 |  57.8
      Orc:1 |    1831 |     449 |  19.7 |      16 |       1 |   5.9
      Orc:2 |     347 |    6450 |  94.9 |       6 |      37 |  86.0
            +---------+---------+-------+---------+---------+-------
